 Dungeon Crawl Stone Soup version 0.32-a0-560-g4c7f4391e0 (webtiles) character file.

Game seed: 5837349023930892644

947 pascalblue the Gusty (level 7, -4/36 HPs)
             Began as a Deep Elf Air Elementalist on Feb 29, 2024.
             Was an Initiate of Vehumet.
             Slain by a sky beast (6 damage)
             ... on level 6 of the Dungeon.
             The game lasted 00:18:15 (5543 turns).

pascalblue the Gusty (Deep Elf Air Elementalist)    Turns: 5543, Time: 00:18:15

Health: -4/36      AC:  4    Str:  5    XL:     7   Next: 89%
Magic:  13/17      EV: 13    Int: 22    God:    Vehumet [......]
Gold:   365        SH:  5    Dex: 15    Spells: 5/17 levels left

rFire   . . .        e - +1 dagger
rCold   . . .        (no shield)
rNeg    . . .        a - +0 robe
rPois   .            (no helmet)
rElec   .            l - +0 cloak
rCorr   +            h - +0 pair of gloves
SInv    .            (no boots)
Will    .....        k - amulet of reflection
Stlth   ++           i - ring of resist corrosion
HPRegen 0.26/turn    t - ring of flight
MPRegen 0.15/turn

%: reflection
@: flying
A: no striking features
a: Renounce Religion


You were on level 6 of the Dungeon.
You worshipped Vehumet.
Vehumet was noncommittal.
You visited 2 branches of the dungeon, and saw 7 of its levels.

You collected 365 gold pieces.

Inventory:

Hand Weapons
 e - a +1 dagger (weapon)
Missiles
 p - 2 throwing nets
Armour
 a - a +0 robe (worn)
 h - a +0 pair of gloves (worn)
 l - a +0 cloak (worn)
Jewellery
 i - a ring of resist corrosion (left hand)
 k - an amulet of reflection (around neck)
 t - a ring of flight (right hand)
Wands
 o - a wand of polymorph (12)
Scrolls
 g - a scroll of torment
 n - 4 scrolls of teleportation
 q - a scroll of vulnerability {unknown}
 r - a scroll of revelation {unknown}
Potions
 b - a potion of magic
 c - 2 potions of degeneration {unknown}
 d - 2 potions of heal wounds {unknown}
 f - a potion of brilliance {unknown}
 m - a potion of invisibility {unknown}
 s - a potion of haste {unknown}


   Skills:
 - Level 3.0 Dodging
 - Level 2.4 Stealth
 + Level 5.9 Spellcasting
 + Level 4.3 Conjurations
 + Level 3.3 Necromancy
 * Level 6.9 Air Magic
 + Level 2.9 Alchemy


You had 5 spell levels left.
You knew the following spells:

 Your Spells              Type           Power      Damage    Failure   Level
a - Shock                 Conj/Air       100%       1d9       1%          1
b - Static Discharge      Conj/Air       62%        3-6/arc   1%          2
c - Swiftness             Air            36%        N/A       1%          3
d - Airstrike             Air            18%        2d(3-19)  5%          4
e - Cigotuvi's Dreadful   Necr/Alch/Air  50%        N/A       2%          2

Your spell library contained the following spells:

 Spells                   Type           Power      Damage    Failure   Level
 Ignite Poison            Fire/Alch      13%        N/A       45%         4
 Freezing Cloud           Conj/Ice/Air   11%        6-21      50%         5


Dungeon Overview and Level Annotations

Branches:
Dungeon (6/15)             Temple (1/1) D:4

Altars:
Cheibriados
Dithmenos
Elyvilon
Nemelex Xobeh
Qazlal
Ru
Sif Muna
Trog
Uskayaw
Vehumet
Wu Jian
Yredelemnul
Zin


Message History

Aim: a sky beast (moderately wounded, 56% to hit)
The puff of flame hits the sky beast.
The sky beast is heavily wounded.
The sky beast hits you. The sky beast shocks you.
Aiming: Throw Flame
Press: ? - help, Shift-Dir - straight line, f/p - sky beast
Aim: a sky beast (heavily wounded, 56% to hit)
The puff of flame hits the sky beast.
The sky beast is severely wounded.
The sky beast hits you but does no damage.
Aiming: Throw Flame
Press: ? - help, Shift-Dir - straight line, f/p - sky beast
Aim: a sky beast (severely wounded, 56% to hit)
The puff of flame hits the sky beast.
The sky beast is almost dead.
The now-empty wand crumbles to dust.
The sky beast closely misses you.
Aiming: Polymorph
Press: ? - help, Shift-Dir - straight line, f/p - sky beast
Aim: a sky beast (almost dead, will become a fire bat, a wyvern, or a hornet, chance to affect: 49%)
The sky beast resists with some effort.
The sky beast barely misses you.
Okay, then.
Casting: Static Discharge (safe; 1% risk of failure)
Confirm with . or Enter, or press ? or * to list all spells.
A blue arc grounds itself harmlessly.
You block the sky beast's attack.
Casting: Static Discharge (safe; 1% risk of failure)
Confirm with . or Enter, or press ? or * to list all spells.
Some blue arcs ground themselves harmlessly.
The sky beast hits you. The sky beast shocks you.
You hit the sky beast but do no damage.
The sky beast is almost dead.
The sky beast hits you.
* * * LOW HITPOINT WARNING * * *
The sky beast shocks you.
* * * LOW HITPOINT WARNING * * *
You hit the sky beast.
The sky beast is almost dead.
The sky beast hits you.
* * * LOW HITPOINT WARNING * * *
The sky beast shocks you.
You die...

...............#
...............# ..
........##....## ## ...
........##....####.##...
...... #......#.......
...... #......#.......
..... #......#.......
.... #......#Y...)..
#......@.......
........#.......
.........#.......
.........##......
##......# ......
#....... ..../.
+........ .....
#........ .....


You could see a sky beast.

Vanquished Creatures
  A black bear (D:6)
  A sky beast (D:4)
  2 ogres
  A bullfrog (D:4)
  Blork the orc (D:6)
  2 scorpions
  2 bombardier beetles
  A hound (D:5)
  A jelly (D:3)
  An orc wizard (D:6)
  2 iguanas
  4 gnolls (D:5)
  3 adders
  2 ufetubi (D:6)
  3 ribbon worms
  4 orcs
  8 endoplasms
  A giant cockroach (D:1)
  6 goblins
  6 hobgoblins
  14 jackals
  2 kobolds
  3 quokkas
  2 ball pythons (D:1)
  4 bats
  3 frilled lizards
  6 rats
86 creatures vanquished.

Notes
Turn   | Place    | Note
-------+----------+-------------------------------------------
     0 | D:1      | pascalblue the Deep Elf Air Elementalist began the quest
                  | for the Orb.
     0 | D:1      | Reached XP level 1. HP: 10/10 MP: 6/6
   358 | D:1      | Reached XP level 2. HP: 15/15 MP: 5/8
  1147 | D:2      | Reached XP level 3. HP: 19/19 MP: 7/9
  1150 | D:2      | Learned a level 2 spell: Static Discharge
  1154 | D:2      | Learned a level 3 spell: Swiftness
  1357 | D:2      | Reached skill level 4 in Air Magic
  1648 | D:2      | Found a faded altar of an unknown god.
  2166 | D:3      | Found a snail-covered altar of Cheibriados.
  2178 | D:3      | Found a shadowy altar of Dithmenos.
  2261 | D:3      | Reached XP level 4. HP: 24/24 MP: 6/11
  2266 | D:3      | Learned a level 4 spell: Airstrike
  3041 | D:4      | Found a stormy altar of Qazlal.
  3041 | D:4      | Noticed a sky beast
  3049 | D:4      | Found a staircase to the Ecumenical Temple.
  3079 | Temple   | Entered the Ecumenical Temple
  3109 | Temple   | Became a worshipper of Vehumet
  3161 | D:4      | Reached XP level 5. HP: 28/28 MP: 10/13
  3169 | D:4      | Learned a level 2 spell: Cigotuvi's Dreadful Rot
  3372 | D:4      | Reached skill level 5 in Air Magic
  3509 | D:4      | Noticed an ogre
  3960 | D:4      | Killed an ogre
  3961 | D:4      | Reached skill level 1 in Necromancy
  3961 | D:4      | Reached skill level 1 in Alchemy
  3961 | D:4      | Reached XP level 6. HP: 28/32 MP: 5/15
  4023 | D:4      | Killed a sky beast
  4123 | D:5      | Entered Level 5 of the Dungeon
  4204 | D:5      | Reached skill level 5 in Spellcasting
  4263 | D:5      | Reached skill level 6 in Air Magic
  4329 | D:5      | Reached XP level 7. HP: 36/36 MP: 12/16
  4865 | D:5      | Found a sparkling altar of Nemelex Xobeh.
  4866 | D:5      | Found a shimmering blue altar of Sif Muna.
  5019 | D:6      | Noticed Blork the orc
  5024 | D:6      | Killed Blork the orc
  5161 | D:6      | Found a glowing silver altar of Zin.
  5543 | D:6      | Slain by a sky beast

Illustrated notes

Levels and vault maps discovered:
D:1:      dpeg_arrival_arbitrary_b, layout_loops_ring
D:2:      layout_basic, hellmonk_ecumenical_altar_run_dry,
          minmay_misc_feat_roman
D:3:      layout_loops_corners, grunt_dithmenos_smoke_and_mirrors,
          cheibrodos_worm_habitat, serial_bayou_lagoon_b
D:4:      layout_loops_cross, nicolae_qazlal_beasts_of_the_sky,
          minmay_temple_entry_grid
D:5:      layout_rooms, nicolae_overflow_squiral, item_on_display_a
D:6:      layout_gridville, kennysheep_mini_moat, zin_scriptorium,
          uniq_blork_the_orc
Temple:   hellmonk_temple_of_storms

Skill      XL: |  1  2  3  4  5  6  7 |
---------------+----------------------+-----
Dodging        | 3 |  3.0
Air Magic      | 4 5 6 |  6.9
Conjurations   | 2 3 4 |  4.3
Spellcasting   | 4 5 |  5.9
Necromancy     | 1 2 3 |  3.3
Alchemy        | 1 2 |  2.9
Stealth        | |  2.4

Action                     |  1- 3 |  4- 6 |  7- 9 || total
---------------------------+-------+-------+-------++-------
  Melee: Dagger            |     2 |     1 |     3 ||     6
   Cast: Shock             |    86 |    63 |    56 ||   205
         Static Discharge  |       |     3 |    13 ||    16
         Cigotuvi's Dreadf |       |     2 |       ||     2
  Evoke: Wand              |       |     9 |     8 ||    17
    Use: Scroll            |     4 |     3 |       ||     7
 Armour: Robe              |     5 |    13 |    33 ||    51
  Dodge: Dodged            |     9 |     8 |    17 ||    34
  Block: Other             |     2 |     4 |     5 ||    11
         Reflection        |     1 |       |       ||     1

Table legend: (Time is in decaauts)
 A = Elapsed time spent in this place.
 B = Non-inter-level travel time spent in this place.
 C = Inter-level travel time spent in this place.
 D = Time resting spent in this place.
 E = Time spent auto-exploring this place.
 F = Levels seen in this place.
 G = Mean time per level.
                   A        B        C        D        E       F      G
               +--------+--------+--------+--------+--------+-----+--------+
         Total |   5573 |   5472 |    101 |    119 |   4141 |   7 |  796.1 |
       Dungeon |   5530 |   5429 |    101 |    119 |   4141 |   6 |  921.7 |
        Temple |     42 |     42 |      0 |      0 |      0 |   1 |   42.0 |
               +--------+--------+--------+--------+--------+-----+--------+

Top non-repeatable levels by time:
     D:3: 1241 daAuts
     D:2: 1108 daAuts
     D:1: 941 daAuts
     D:4: 820 daAuts
     D:5: 802 daAuts
     D:6: 616 daAuts
  Temple: 42 daAuts
